 Dungeon Crawl Stone Soup version 0.28.0-45-g0d030f2227 (webtiles) character file.

Game seed: 8964325144026432854

1690 sanboga the Gouger (level 8, -24/60 HPs)
             Began as a Felid Berserker on Apr 12, 2022.
             Was a Believer of Trog.
             Annihilated by a boulder beetle (31 damage)
             ... on level 10 of the Dungeon.
             The game lasted 00:19:37 (14716 turns).

sanboga the Gouger (Felid Berserker)               Turns: 14716, Time: 00:19:37

Health: -24/60     AC:  2    Str: 15    XL:     8   Next: 72%
Magic:  9/9        EV: 25    Int:  8    God:    Trog [**....]
Gold:   669        SH:  5    Dex: 19    Spells: 7/7 levels left
                                        Lives:  0   Deaths: 3

rFire   . . .      SeeInvis +     - Unarmed
rCold   . . .      Faith    .   (shield unavailable)
rNeg    . . .      Spirit   .   (armour unavailable)
rPois   .          Reflect  +   (helmet unavailable)
rElec   .          Harm     .   (cloak unavailable)
rCorr   +          Rampage  .   (gloves unavailable)
Will    +....                   (boots unavailable)
Stlth   ..........              m - amulet "Qierytoq" {Reflect SH+5 Stlth+}
HPRegen 0.20/turn               u - ring of resist corrosion
MPRegen 0.11/turn               (no ring)

@: berserking, very quick
A: very small, claws 1, fangs 3, see invisible, speed 1, shaggy fur 2, stealthy
paws, no weapons or thrown items, no armour, multi-lived
a: Renounce Religion, Berserk, Trog's Hand


You were on level 10 of the Dungeon.
You worshipped Trog.
Trog was pleased with you.
You visited 2 branches of the dungeon, and saw 11 of its levels.
You also visited: Sewer.

You collected 669 gold pieces.

Inventory:

Jewellery
 m - the amulet "Qierytoq" (around neck) {Reflect SH+5 Stlth+}
   (You acquired it on level 7 of the Dungeon)

   [amulet of reflection]

   It reflects blocked missile attacks.
   SH:        It affects your SH (+5).
   Stlth:     It makes you more stealthy.
 u - a ring of resist corrosion (left paw)
Wands
 s - a wand of digging (2)
 t - a wand of acid (4)
Scrolls
 a - 3 scrolls of vulnerability {unknown}
 b - 3 scrolls of enchant weapon {unknown}
 c - 3 scrolls of teleportation
 f - 3 scrolls of fear
 i - a scroll of enchant armour {unknown}
 k - a scroll of blinking
 l - a scroll of identify
 o - a scroll of torment {unknown}
 p - a scroll of fog {unknown}
Potions
 d - 2 potions of resistance
 e - a potion of haste {unknown}
 g - 5 potions of flight
 h - a potion of might
 j - 2 potions of berserk rage


   Skills:
 + Level 8.2 Fighting
 + Level 10.7 Dodging
 + Level 10.4 Stealth
 * Level 11.1 Unarmed Combat


You had 7 spell levels left.
You didn't know any spells.
Your spell library was empty.

Dungeon Overview and Level Annotations

Branches:
Dungeon (10/15)            Temple (1/1) D:5            Lair (0/6) D:8
    Orc (0/2) D:9           Sewer (visited)

Altars:
Ashenzari
Cheibriados
Fedhas
Gozag
Hepliaklqana
Nemelex Xobeh
Uskayaw
Vehumet
Beogh


Innate Abilities, Weirdness & Mutations

You have sharp claws.
You have razor-sharp teeth.
You have supernaturally acute eyesight. (SInv)
You cover ground quickly. (Speed+)
You are covered in thick fur. (AC +2)
Your paws help you pounce on unaware monsters.
You are incapable of wielding weapons or throwing items.
You cannot wear armour.
You gain extra lives every three experience levels.


Message History

Found a scale mail.
There is an open door here.
You see here a +0 scale mail.
You open the door.
There is an open door here.
There is an open door here.
You see here a +0 scale mail.
There is an open door here.
There is an open door here.
As you open the door, it creaks loudly!
Found a leather armour.
There is an open door here.
There is an open door here.
You open the door.
There is an open door here.
A boulder beetle is nearby!
A boulder beetle is nearby!
A boulder beetle is nearby!
A boulder beetle is nearby!
Aiming: Corrosive Bolt
Press: ? - help, Shift-Dir - straight line, f - you, p - boulder beetle
Okay, then.
Okay, then.
You scratch the boulder beetle but do no damage.
The boulder beetle is moderately wounded.
A red film seems to cover your vision as you go berserk!
You feel yourself moving faster!
You feel mighty! The boulder beetle bites you!!
Ouch! That really hurt!
You scratch the boulder beetle but do no damage.
The boulder beetle is moderately wounded.
The boulder beetle bites you!!
* * * LOW HITPOINT WARNING * * *
You are too injured to fight recklessly!
You are too injured to fight recklessly!
You claw the boulder beetle!
The boulder beetle is moderately wounded.
The boulder beetle bites you!!
Ouch! That really hurt!
You die...

#.....##......#......#.....
#.............#......#.....
#.............#......#.....
#.............#......#.....
########..†.........#......#.....
......##............#......#.....
.......#............#......#.....
.......#....##......#......#>....
..[....#....##.B@...#......#.....
.......#............#......######
......##............'............
########............#............
.......#............#######......
.......#....##......##....#......
.......#....#####'####....#......
####'###..................#......
......##..................#......


You could see a boulder beetle.

Vanquished Creatures
  A two-headed ogre (D:10)
  An unseen horror (D:10)
  A troll (D:9)
  A hornet (D:8)
  A wraith (D:8)
  11 yaks
  Sigmund (D:2)
  3 water moccasins
  3 acid dragons
  6 orc warriors
  2 black bears
  A sky beast (D:7)
  An ice beast (D:7)
  The ghost of Antichthon the Cudgeller, an amateur NaWr (D:3)
  A necrophage (D:7)
  An ogre (D:5)
  A phantom (D:6)
  2 kobold brigands
  A bullfrog (D:6)
  3 wyvern zombies
  4 scorpions (D:5)
  A water moccasin skeleton (D:6)
  5 wights (D:9)
  5 electric eels (D:9)
  2 howler monkeys (D:9)
  2 centaur zombies
  A hound (D:5)
  2 centaur skeletons (D:7)
  A jelly (D:5)
  12 orc priests
  2 bullfrog skeletons (D:6)
  3 iguanas
  2 orc wizards
  2 hound skeletons
  2 howler monkey zombies (D:7)
  4 gnolls
  A howler monkey skeleton (D:7)
  3 adders
  A shadow imp (D:6)
  A white imp (D:5)
  2 ufetubi
  42 orcs
  2 endoplasms (D:1)
  4 giant cockroaches
  7 hobgoblins
  4 jackals
  7 quokkas
  4 ball pythons
  7 bats
  10 frilled lizards
  3 goblins
  17 kobolds
  6 rats
214 creatures vanquished.

Vanquished Creatures (others)
  2 plants (D:1)
2 creatures vanquished.

Grand Total: 216 creatures vanquished

Notes
Turn   | Place    | Note
-------+----------+-------------------------------------------
     0 | D:1      | sanboga the Felid Berserker began the quest for the Orb.
     0 | D:1      | Reached XP level 1. HP: 10/10 MP: 2/2
   200 | D:1      | Reached XP level 2. HP: 14/14 MP: 3/3
   433 | D:1      | Found a faded altar of an unknown god.
  1064 | D:1      | Reached XP level 3. HP: 17/17 MP: 4/4
  1842 | D:2      | Noticed Sigmund
  1852 | D:2      | Killed Sigmund
  1853 | D:2      | Reached skill level 5 in Dodging
  1853 | D:2      | Reached skill level 4 in Unarmed Combat
  1853 | D:2      | Reached XP level 4. HP: 22/22 MP: 5/5
  1853 | D:2      | Reached XP level 5. HP: 25/25 MP: 6/6
  2271 | D:3      | Found a snail-covered altar of Cheibriados.
  2375 | D:3      | Found a radiant altar of Vehumet.
  2488 | D:3      | Reached ** piety under Trog
  2740 | D:3      | Found a runed translucent gate.
  2741 | D:3      | Found a runed translucent gate.
  2741 | D:3      | Identified the +4 whip "Ichu" {vorpal, rPois rF++ Int+3
                  | Dex+2}
  2741 | D:3      | Identified the +1 leather armour of Conscience {*Corrode
                  | Regen+ Str+3 Dex+5}
  2742 | D:3      | Found a runed translucent gate.
  2745 | D:3      | Noticed Antichthon's ghost (amateur NaWr)
  2762 | D:3      | Killed Antichthon's ghost
  2763 | D:3      | Reached skill level 5 in Unarmed Combat
  2763 | D:3      | Gained mutation: You are covered in thick fur. (AC +2)
                  | [Felid growth]
  2763 | D:3      | Reached XP level 6. HP: 28/28 MP: 7/7
  3213 | D:3      | Found an opulent altar of Gozag.
  3543 | D:4      | Noticed a yak
  3543 | D:4      | Noticed a yak
  3544 | D:4      | Noticed a yak
  3544 | D:4      | Noticed a yak
  3562 | D:4      | Noticed a yak
  3569 | D:3      | Killed a yak
  3845 | D:4      | Reached XP level 7. HP: 21/33 MP: 8/8
  3983 | D:4      | Found a hazy altar of Hepliaklqana.
  4699 | D:3      | Killed a yak
  4700 | D:3      | Reached skill level 6 in Unarmed Combat
  5222 | D:3      | Killed a yak
  5223 | D:3      | Reached skill level 5 in Fighting
  5223 | D:3      | Reached skill level 5 in Stealth
  5421 | D:4      | Killed a yak
  5422 | D:4      | Reached XP level 8. HP: 37/37 MP: 9/9
  5542 | D:4      | Reached skill level 7 in Unarmed Combat
  5778 | D:5      | Entered Level 5 of the Dungeon
  5788 | D:5      | Found a glowing drain.
  5813 | Sewer    | Entered a sewer
  6313 | D:5      | Found a broken altar of Ashenzari.
  6580 | D:5      | Found a staircase to the Ecumenical Temple.
  6885 | Temple   | Entered the Ecumenical Temple
  7576 | D:5      | Reached skill level 8 in Unarmed Combat
  7968 | D:5      | Reached XP level 9. HP: 32/41 MP: 10/10
  8334 | D:6      | Found a hide-covered altar of Uskayaw.
  9276 | D:7      | Reached skill level 9 in Unarmed Combat
  9634 | D:7      | Identified a scroll of acquirement
  9634 | D:7      | Acquired the amulet "Qierytoq" {Reflect SH+5 Stlth+}
 10121 | D:8      | Found a staircase to the Lair.
 10154 | D:8      | Identified the +2 robe of Distant Shores {rPois rC- rCorr
                  | Archmagi}
 10302 | D:8      | You fall into a shaft and drop 1 floor!
 10430 | D:9      | Noticed a troll
 10445 | D:9      | HP: 1/64 [troll (8)]
 10446 | D:9      | Killed a troll
 10624 | D:8      | Paralysed by a hornet for 2 turns
 10625 | D:8      | HP: 3/64 [poisoned by a hornet]
 10625 | D:8      | Mangled by a hornet
 10626 | D:8      | Reached XP level 8. HP: -6/60 MP: 9/9
 10656 | D:8      | Killed a hornet
 10657 | D:8      | Reached XP level 9. HP: 40/43 MP: 10/10
 11730 | D:8      | Reached skill level 10 in Unarmed Combat
 12236 | D:9      | Found a staircase to the Orcish Mines.
 12612 | D:9      | Reached skill level 10 in Dodging
 12630 | D:9      | Reached *** piety under Trog
 12631 | D:9      | Reached XP level 10. HP: 17/48 MP: 11/11
 12928 | D:9      | Found a sparkling altar of Nemelex Xobeh.
 13061 | D:9      | Killed from afar by an electric eel
 13062 | D:9      | Reached XP level 9. HP: -8/58 MP: 10/10
 13094 | D:9      | Reached skill level 10 in Stealth
 13913 | D:10     | Entered Level 10 of the Dungeon
 14009 | D:10     | Noticed an unseen horror
 14015 | D:10     | Killed an unseen horror
 14100 | D:10     | Noticed a two-headed ogre
 14109 | D:10     | Killed a two-headed ogre
 14110 | D:10     | Reached skill level 11 in Unarmed Combat
 14481 | D:10     | Noticed a boulder beetle
 14568 | D:10     | Demolished by a boulder beetle
 14569 | D:10     | Reached XP level 8. HP: -17/40 MP: 9/9
 14716 | D:10     | Annihilated by a boulder beetle

Illustrated notes

Levels and vault maps discovered:
D:1:      dpeg_arrival_stone_temple_mockup, layout_loops_ring,
          hellmonk_ecumenical_altar_leap_of_faith, kennysheep_decorative_pillar,
          hangedman_feature_mirror, hangedman_feature_mirror,
          nicolae_grassy_gnolls
D:2:      layout_rooms, uniq_sigmund
D:3:      layout_basic, nicolae_gozag_cash_rules_everything_around_me,
          mainiacjoe_overflow_catch_the_wave, biasface_ghost_orc_armoury,
          wander_ebering_terrifying_dragon_lair
D:4:      layout_basic, lemuel_tele_altar
D:5:      layout_loops_ring, nicolae_ashenzari_panopticon,
          minmay_temple_entry_sparse_star, portal_sewer_entry_f
D:6:      layout_loops_ring, mainiacjoe_overflow_boulevard
D:7:      layout_loops_ring
D:8:      layout_loops_corners, lair_entry_dummy
D:9:      layout_basic, nemelex_spade_bored_becter,
          minmay_orc_entry_temple_small
D:10:     layout_gridville
Temple:   regret_index_temple_waves

Skill      XL: |  1  2  3  4  5  6  7  8  9 |
---------------+----------------------------+-----
Dodging        | 5 6 7 8 10 | 10.7
Stealth        | 2 3 4 5 7 10 | 10.4
Unarmed Combat | 4 5 6 8 11 | 11.1
Fighting       | 4 5 6 8 |  8.2

Action                   |  1- 3 |  4- 6 |  7- 9 | 10-12 || total
-------------------------+-------+-------+-------+-------++-------
Melee: Unarmed           |    96 |   108 |   460 |    23 ||   687
       Bite              |     6 |    10 |    60 |     4 ||    80
       Punch             |     1 |     2 |    23 |       ||    26
Invok: Berserk           |     5 |     3 |    32 |     1 ||    41
Evoke: Wand              |       |       |     4 |       ||     4
  Use: Scroll            |       |     6 |    10 |       ||    16
       Potion            |       |     1 |     5 |       ||     6
 Stab: Sleeping          |     1 |     9 |    17 |       ||    27
       Distracted        |       |       |     3 |     1 ||     4
Armor: Skin              |     6 |     2 |    39 |       ||    47
Dodge: Dodged            |    89 |    97 |   391 |     9 ||   586
Block: Other             |       |       |    36 |     2 ||    38
